 Dungeon Crawl Stone Soup version 0.16.2-12-gd0ad4c3 (webtiles) character file.

157 Kira the Sneak (level 5, -12/25 HPs)
             Began as a Spriggan Enchanter on Oct 23, 2015.
             Mangled by Bezhaha1's ghost (13 damage)
             ... in a sewer.
             The game lasted 00:13:06 (2803 turns).

Kira the Sneak (Spriggan Enchanter)                 Turns: 2803, Time: 00:13:06

Health: -12/25     AC:  4    Str:  4    XL:     5   Next: 15%
Magic:  11/17      EV: 19    Int: 17    God:
Gold:   173        SH:  0    Dex: 17    Spells: 3 memorised, 5 levels left

rFire  . . .     SeeInvis +     n - +2 rapier (venom)
rCold  . . .     Clarity  .     b - +1 robe
rNeg   . . .     SustAb   .     (shield restricted)
rPois  .         Gourm    .     (helmet restricted)
rElec  .         Spirit   .     i - +0 cloak
rCorr  .         Warding  .     (gloves unavailable)
rMut   .         Stasis   .     (boots unavailable)
MR     .....                    (no amulet)
Stlth  +++++.....               (no ring)
                                p - ring of stealth

@: very quick, not resistant to hostile enchantments, quite stealthy
A: unfitting armour, see invisible, herbivore 3, speed 3, slow metabolism 2
a: no special abilities


You were in a sewer.
You were not hungry.

You visited 1 branch of the dungeon, and saw 4 of its levels.
You also visited: Sewer.

You collected 173 gold pieces.

Inventory:

Hand weapons
 a - a +1 dagger
 n - a +2 rapier of venom (weapon)
Armour
 b - a +1 robe (worn)
 i - a +0 cloak (worn)
Jewellery
 p - a ring of stealth (left hand)
Magical devices
 o - a wand of paralysis (12)
Scrolls
 g - 4 scrolls of remove curse {unknown}
 l - a scroll of fog {unknown}
 m - 3 scrolls of identify {unknown}
Potions
 e - 2 potions of haste {unknown}
 h - 2 potions of resistance {unknown}
 j - 5 potions of curing {unknown}
 k - a potion of poison {unknown}
Books
 c - a book of Maledictions

   Spells                             Type                      Level
   a - Corona                         Hexes                        1
   b - Sure Blade                     Hexes/Charms                 2
   c - Ensorcelled Hibernation        Hexes/Ice                    2
   d - Confuse                        Hexes                        3
   e - Dazzling Spray                 Conjuration/Hexes            3
   f - Enslavement                    Hexes                        4
Comestibles
 d - 3 bread rations
 f - 3 fruits


   Skills:
 * Level 1.5 Fighting
 + Level 1.1 Short Blades
 + Level 4.3 Dodging
 + Level 5.8 Stealth
 + Level 3.7 Spellcasting
 + Level 4.4 Hexes


You had 5 spell levels left.
You knew the following spells:

 Your Spells              Type           Power        Failure   Level  Hunger
a - Corona                Hex            ###....      2%          1    None
b - Ensorcelled Hibernat  Hex/Ice        ##....       12%         2    ##.....
c - Confuse               Hex            ###.....     10%         3    ###....


Dungeon Overview and Level Annotations

Branches:
Dungeon (4/15)
 Temple: D:4-7

Altars:
Makhleb
Sif Muna

Annotations:
D:4 Edmund; HANFGEIST's ghost, average SpVM Sewer Bezhaha1's ghost, average DsWn


Innate Abilities, Weirdness & Mutations

You are tiny and cannot use many weapons and most armour.
You have supernaturally acute eyesight.
You are a herbivore.
You cover ground extremely quickly.
You need consume almost no food.


Message History

Your unstable footing causes you to fumble your attack.
You hit Bezhaha1's ghost but do no damage.
Bezhaha1's ghost is moderately damaged.
Bezhaha1's ghost hits you.
* * * LOW HITPOINT WARNING * * *
You catch the helpless Bezhaha1's ghost completely off-guard!
You puncture Bezhaha1's ghost!
Bezhaha1's ghost is severely damaged.
You hit Bezhaha1's ghost.
Bezhaha1's ghost is severely damaged.
You hit Bezhaha1's ghost but do no damage.
Bezhaha1's ghost is severely damaged.
You catch the helpless Bezhaha1's ghost completely off-guard!
You puncture Bezhaha1's ghost!
Bezhaha1's ghost is almost destroyed.
Bezhaha1's ghost seems less confused.
Bezhaha1's ghost hits you.
* * * LOW HITPOINT WARNING * * *
You are electrocuted!
Ouch! That really hurt!
You die...

≈# ##≈##
.#.≈.# ..≈.#
..≈.###.
#####.≈≈≈≈.≈
#.....≈≈#
#.∩...≈.#
#.∩@#.≈.#
#..W##)##
######)# #≈#
###


You could see Bezhaha1's ghost.

Vanquished Creatures
  Ijyb (D:4)
  4 adders
  2 giant mites
  2 worms (D:3)
  3 giant geckos
  7 orcs (D:3)
  6 giant cockroaches
  6 goblins
  5 hobgoblins
  2 jackals (Sewer)
  3 quokkas
  14 bats
  A giant newt (D:3)
  11 kobolds
  6 rats
73 creatures vanquished.

Vanquished Creatures (others)
  4 toadstools (D:1)
4 creatures vanquished.

Grand Total: 77 creatures vanquished

Notes
Turn   | Place    | Note
--------------------------------------------------------------
     0 | D:1      | Kira, the Spriggan Enchanter, began the quest for the Orb.
     0 | D:1      | Reached XP level 1. HP: 9/9 MP: 4/4
   132 | D:1      | Reached XP level 2. HP: 13/13 MP: 7/7
   281 | D:1      | Learned a level 2 spell: Ensorcelled Hibernation
  1227 | D:2      | Reached skill level 5 in Stealth
  1241 | D:2      | Reached XP level 3. HP: 13/17 MP: 1/10
  1723 | D:3      | Found a burning altar of Makhleb.
  1749 | D:3      | Reached skill level 1 in Fighting
  1814 | D:3      | Reached XP level 4. HP: 18/22 MP: 4/13
  2235 | D:3      | Found a deep blue altar of Sif Muna.
  2536 | D:4      | Noticed HANFGEIST's ghost (average SpVM)
  2559 | D:4      | Noticed Edmund
  2590 | D:3      | Noticed a phantom
  2641 | D:4      | Noticed Ijyb
  2649 | D:4      | Killed Ijyb
  2649 | D:4      | Reached XP level 5. HP: 7/25 MP: 9/16
  2665 | D:4      | Found a glowing drain.
  2675 | Sewer    | Entered a sewer
  2729 | Sewer    | Noticed Bezhaha1's ghost (average DsWn)
  2735 | Sewer    | Learned a level 3 spell: Confuse
  2803 | Sewer    | HP: 1/25 [Bezhaha1's ghost (6)]
  2803 | Sewer    | Mangled by Bezhaha1's ghost

Action                   |  1- 3 |  4- 6 || total
-------------------------+-------+-------++-------
Melee: Dagger            |    96 |       ||    96
       Rapier            |       |    75 ||    75
 Cast: Corona            |     2 |     9 ||    11
       Ensorcelled Hiber |    28 |     7 ||    35
       Confuse           |       |     4 ||     4
 Stab: Sleeping          |    26 |    12 ||    38
       Confused          |       |     3 ||     3
  Eat: Fruit             |       |     2 ||     2
